 Dungeon Crawl Stone Soup version 0.27.1-33-g824d729ab1 (webtiles) character file.

Game seed: 9674887120487618984

222 Agamemnon the Chopper (level 5, 0/46 HPs)
             Began as a Minotaur Fighter on Nov 30, 2021.
             Succumbed to an orc wizard's poison
             ... on level 3 of the Dungeon.
             The game lasted 00:18:10 (2558 turns).

Agamemnon the Chopper (Minotaur Fighter)            Turns: 2558, Time: 00:18:10

Health: 0/46       AC: 10    Str: 21    XL:     5   Next: 66%
Magic:  4/4        EV:  7    Int:  5    God:
Gold:   42         SH:  9    Dex: 10    Spells: 4/4 levels left

rFire    + . .     SeeInvis .   a - +0 war axe
rCold    . . .     Faith    .   c - +0 kite shield
rNeg     . . .     Spirit   .   b - +0 scale mail
rPois    .         Reflect  .   (helmet restricted)
rElec    .         Harm     .   t - +2 cloak {rCorr}
rCorr    +         Rampage  .   (no gloves)
Will     .....                  (no boots)
Stlth    ..........             (no amulet)
HPRegen  0.15/turn              e - ring of protection from fire
MPRegen  0.09/turn              h - ring of resist corrosion

@: lethally poisoned (0 -> -9)
A: horns 2, retaliatory headbutt
a: no special abilities


You were on level 3 of the Dungeon.
You visited 1 branch of the dungeon, and saw 3 of its levels.

You collected 42 gold pieces.

Inventory:

Hand Weapons
 a - a +0 war axe (weapon)
 j - a +1 dagger of electrocution
Missiles
 m - 10 poisoned darts (quivered)
Armour
 b - a +0 scale mail (worn)
 c - a +0 kite shield (worn)
 t - a +2 cloak of preservation (worn)
Jewellery
 e - a ring of protection from fire (left hand)
 h - a ring of resist corrosion (right hand)
 r - a ring of magical power
Scrolls
 f - a scroll of fear {unknown}
 g - a scroll of teleportation {unknown}
 i - 2 scrolls of identify {unknown}
 k - a scroll of amnesia {unknown}
 l - a scroll of summoning {unknown}
 o - a scroll of holy word {unknown}
 p - a scroll of enchant armour {unknown}
 q - a scroll of blinking {unknown}
 s - a scroll of immolation {unknown}
Potions
 d - 2 potions of might
 n - a potion of attraction {unknown}


   Skills:
 + Level 4.3 Fighting
 * Level 5.6 Axes
 + Level 1.0 Throwing
 + Level 4.4 Armour
 + Level 0.2 Dodging
 + Level 4.3 Shields


You had 4 spell levels left.
You didn't know any spells.
Your spell library contained the following spells:

 Spells                   Type           Power      Damage    Failure   Level
 Foxfire                  Conj/Fire      0%         2x1d4     99%         1
 Conjure Flame            Conj/Fire      0%         6-21      100%        3
 Inner Flame              Hex/Fire       0%         N/A       100%        3


Dungeon Overview and Level Annotations

Branches:
Dungeon (3/15)

Altars:
Ru


Innate Abilities, Weirdness & Mutations

You have a pair of horns on your head.
You reflexively headbutt those who attack you in melee.


Message History

The orc priest hits you with a +1 short sword of venom.
You are poisoned.
The orc hits you with a +3 hand axe.
The orc priest mumbles some strange prayers to Beogh against you.
Beogh smites you!
You slash the orc priest! Your headbutt misses the orc priest.
The orc priest is severely wounded.
You hit the orc.
You kill the orc!
You feel very sick.
The orc wizard gestures wildly while chanting.
The orc wizard flickers and vanishes!
Deactivating autopickup; reactivate with Ctrl-A.
You barely miss the orc priest.
The orc priest is severely wounded.
You feel very sick. You block the orc priest's attack.
The orc barely misses you.
The orc priest hits you with a +1 short sword of venom.
You are more poisoned.
You slash the orc priest!
You kill the orc priest!
You closely miss the orc.
* * * LOW HITPOINT WARNING * * *
You feel very sick.
You miss something. Your headbutt misses something.
* * * LOW HITPOINT WARNING * * *
You feel very sick.
You hear some strange, mumbled words.
A magic dart appears from out of thin air!
The magic dart hits you.
* * * LOW HITPOINT WARNING * * *
You miss something. You headbutt something.
* * * LOW HITPOINT WARNING * * *
You feel sick. Something hits you but does no damage.
You are more poisoned.
* * * LOW HITPOINT WARNING * * *
You feel very sick.
You slash the orc!
You kill the orc!
You die...

#..#######..#
#.## $⌠o# #
#.# ....#
#.#..o....#
#.#.8...8.#
#.#..o....#
#.#.......
#.#.......
#@#.8...8.
#)#.......
#)).......
##......##
#'##?.## 8.8
.... !... ###
..... ......


There were no monsters in sight!

Vanquished Creatures
  A scorpion (D:2)
  An orc priest (D:3)
  An iguana (D:2)
  2 adders (D:2)
  2 worms (D:2)
  3 dart slugs
  3 orcs (D:3)
  4 ball pythons
  3 bats
  7 endoplasms
  2 giant cockroaches
  9 goblins
  6 hobgoblins
  9 jackals
  7 frilled lizards
  9 kobolds
  7 rats
76 creatures vanquished.

Notes
Turn   | Place    | Note
-------+----------+-------------------------------------------
     0 | D:1      | Agamemnon the Minotaur Fighter began the quest for the Orb.
     0 | D:1      | Reached XP level 1. HP: 19/19 MP: 0/0
   117 | D:1      | Reached XP level 2. HP: 27/27 MP: 1/1
   235 | D:1      | Found a faded altar of an unknown god.
   240 | D:1      | Became a worshipper of Ru the Awakened
   241 | D:1      | Fell from the grace of Ru
   530 | D:1      | Reached skill level 3 in Axes
   530 | D:1      | Reached XP level 3. HP: 33/33 MP: 2/2
  1198 | D:2      | Reached skill level 4 in Axes
  1198 | D:2      | Reached XP level 4. HP: 27/40 MP: 3/3
  1776 | D:2      | Reached skill level 1 in Throwing
  2023 | D:2      | Noticed a scorpion
  2034 | D:2      | Killed a scorpion
  2035 | D:2      | Reached skill level 5 in Axes
  2035 | D:2      | Reached XP level 5. HP: 22/46 MP: 4/4
  2558 | D:3      | Succumbed to an orc wizard's poison

Illustrated notes

Levels and vault maps discovered:
D:1:      moated_graveyard_arrival, layout_loops_corners,
          chequers_ecumenical_altar_lobes
D:2:      layout_basic, minmay_misc_feat_square, minmay_randomly_rotated_circles
D:3:      cheibrodos_pilgrimage, layout_basic, minmay_curled_crystal,
          dk_noncrumbling_4, minmay_quantized, uniq_grinder

Skill      XL: |  1  2  3  4 |
---------------+-------------+-----
Armour         | 4 |  4.4
Fighting       | 4 |  4.3
Axes           | 3 4 5 |  5.6
Shields        | 4 |  4.3
Throwing       | 1 |  1.0
Dodging        | |  0.2

Action                   |  1- 3 |  4- 6 || total
-------------------------+-------+-------++-------
Melee: War axe           |    87 |    59 ||   146
       Headbutt          |    15 |    10 ||    25
Throw: Dart              |     4 |       ||     4
Invok: Renounce Religion |     1 |       ||     1
Armor: Scale mail        |    33 |    18 ||    51
Dodge: Dodged            |    24 |    14 ||    38
Block: Kite shield       |    45 |    36 ||    81
